 Dungeon Crawl Stone Soup version 0.18-a0-1523-gbe15c29 (webtiles) character file.

116 milladamen the Cudgeler (level 4, 0/39 HPs)
             Began as a Minotaur Berserker on Mar 7, 2016.
             Was a Believer of Trog.
             Slain by a kobold
             ... wielding a +0 whip
              (1 damage)
             ... in a sewer.
             The game lasted 00:07:02 (1474 turns).

milladamen the Cudgeler (Minotaur Berserker)        Turns: 1474, Time: 00:07:02

Health: 0/39       AC:  9    Str: 22    XL:     4   Next: 70%
Magic:  3/3        EV:  8    Int:  4    God:    Trog [**....]
Gold:   134        SH:  0    Dex: 10    Spells: 0 memorised, 3 levels left

rFire  . . .     SeeInvis .     a - +0 mace
rCold  . . .     Gourm    .     k - +0 chain mail
rNeg   . . .     Faith    .     (no shield)
rPois  .         Spirit   .     (helmet restricted)
rElec  .         Dismiss  .     (no cloak)
rCorr  .         Reflect  .     g - +0 pair of gloves
SustAt .         Harm     .     (no boots)
MR     .....                    (no amulet)
Stlth  ..........               (no ring)
                                (no ring)

@: lethally poisoned (0 -> -1), not resistant to hostile enchantments, extremely
unstealthy
A: retaliatory headbutt, horns 2
a: Berserk, Trog's Hand, Burn Spellbooks, Renounce Religion


You were in a sewer.
You worshipped Trog.
Trog was pleased with you.
You were not hungry.

You visited 1 branch of the dungeon, and saw 3 of its levels.
You also visited: Sewer.

You collected 134 gold pieces.

Inventory:

Hand Weapons
 a - a +0 mace (weapon)
 m - a +0 whip of flaming
Armour
 b - a +0 animal skin
 g - a +0 pair of gloves (worn)
 k - a +0 chain mail (worn)
 u - a +0 scale mail
Jewellery
 i - an uncursed ring of resist corrosion {unknown}
Scrolls
 e - 3 scrolls of remove curse {unknown}
 f - 2 scrolls of recharging {unknown}
 l - 2 scrolls of amnesia {unknown}
 q - 2 scrolls of identify {unknown}
Potions
 d - a potion of degeneration {unknown}
 h - 3 potions of curing {unknown}
 j - a potion of flight {unknown}
 n - a potion of magic {unknown}
 p - a potion of mutation {unknown}
 r - a potion of might {unknown}
 s - a potion of agility {unknown}
Books
 v - a book of the Earth

   Spells                             Type                      Level
   a - Leda's Liquefaction            Hexes/Earth                  4
   b - Bolt of Magma                  Conjuration/Fire/Earth       5
   c - Statue Form                    Transmutation/Earth          6
   d - Iron Shot                      Conjuration/Earth            6
   e - Shatter                        Earth                        9
   Trog disapproves of the use of such an item.
Comestibles
 c - 3 bread rations
 o - a meat ration
 t - a slice of pizza


   Skills:
 - Level 3.6 Fighting
 + Level 6.6 Maces & Flails
 - Level 2.4 Armour
 - Level 2.1 Dodging


You had 3 spell levels left.
You didn't know any spells.

Dungeon Overview and Level Annotations

Branches:
Dungeon (3/15)

Altars:
Fedhas
Sif Muna
Zin


Innate Abilities, Weirdness & Mutations

You reflexively headbutt those who attack you in melee.
You have a pair of horns on your head.


Message History

Your unstable footing causes you to fumble your attack.
You feel sick. The kobold hits you but does no damage. The big kobold hits you.
* * * LOW HITPOINT WARNING * * *
The kobold splashes around in the water.
You completely miss the kobold. The kobold closely misses you.
The big kobold hits you but does no damage.
The kobold splashes around in the water.
You hit the kobold but do no damage. Your headbutt misses the kobold.
The kobold hits you but does no damage.
The big kobold hits you but does no damage.
The kobold splashes around in the water.
The kobold hits you but does no damage.
Your unstable footing causes you to fumble your attack.
The kobold hits you but does no damage. The big kobold closely misses you.
The kobold hits you but does no damage.
You barely miss the kobold.
* * * LOW HITPOINT WARNING * * *
You feel sick.
The kobold hits you with an uncursed whip.
You die...

#≈# #≈# #≈# #≈# #≈# #≈#
#########≈##
#.≈.KK≈(.≈≈#######
#≈.≈K@≈..≈.≈.≈...#####
#≈≈≈≈≈≈≈≈≈≈≈≈≈≈≈≈≈≈≈≈≈
....≈≈≈≈≈≈≈≈≈≈≈≈≈≈≈≈≈≈≈≈
..#.≈≈≈≈≈≈≈≈≈≈≈≈≈≈≈≈≈≈≈≈
. #.≈≈≈≈≈≈≈.≈......#####
#..≈.....≈.###.###
############ #∩# ###


You could see a big kobold and 2 kobolds.

Vanquished Creatures
  A gnoll (D:1)
  An adder (D:2)
  3 river rats (Sewer)
  An ooze (D:1)
  3 dart slugs (D:1)
  2 giant geckos
  3 orcs (D:3)
  8 goblins
  4 hobgoblins
  5 jackals
  7 kobolds
  A quokka (D:2)
  4 ball pythons (D:1)
  3 bats
  4 giant newts
  8 rats
58 creatures vanquished.

Notes
Turn   | Place    | Note
--------------------------------------------------------------
     0 | D:1      | milladamen the Minotaur Berserker began the quest for the Orb.
     0 | D:1      | Reached XP level 1. HP: 19/19 MP: 0/0
   109 | D:1      | Reached skill level 4 in Maces & Flails
   114 | D:1      | Reached XP level 2. HP: 16/26 MP: 1/1
   315 | D:1      | Reached skill level 5 in Maces & Flails
   353 | D:1      | Reached XP level 3. HP: 31/31 MP: 2/2
   453 | D:1      | Reached ** piety under Trog
   686 | D:2      | Found a blossoming altar of Fedhas.
   803 | D:2      | Found a glowing silver altar of Zin.
   819 | D:2      | Found a deep blue altar of Sif Muna.
   954 | D:2      | Reached XP level 4. HP: 39/39 MP: 3/3
  1248 | D:3      | Found a faded altar to an unknown god.
  1260 | D:3      | Reached skill level 6 in Maces & Flails
  1378 | D:3      | Found a glowing drain.
  1384 | Sewer    | Entered a sewer
  1451 | Sewer    | Noticed a big kobold
  1470 | Sewer    | HP: 1/39 [big kobold (4)]
  1474 | Sewer    | Slain by a kobold

Vault maps used:
D:1:      lemuel_arrival_muddy, minmay_close_crescents
D:2:      lemuel_round_altar, nicolae_overflow_hidden_temple, first_bread
D:3:      ecumenical_altar_1, lightli_sewer_entry_pipes, minivault_23,
          minivault_5, uniq_terence
Sewer:    sewer_kobolds

Skill      XL: |  1  2  3  4 |
---------------+-------------+-----
Maces & Flails | 4 5 6 |  6.6
Fighting       | |  3.6
Armour         | |  2.4
Dodging        | |  2.1

Action                   |  1- 3 |  4- 6 || total
-------------------------+-------+-------++-------
Melee: Mace              |    84 |    70 ||   154
  Eat: Chunk             |       |     2 ||     2
